 Dungeon Crawl Stone Soup version 0.31-a0-358-gac0dbeb3ab (webtiles) character file.

Game seed: 1805082131014279887

88578 IndexError the Spry (level 15, -5/92 HPs)
             Began as a Felid Shapeshifter on July 25, 2023.
             Was the Champion of Nemelex Xobeh.
             Slain by a salamander
             ... wielding a +1 trident
              (7 damage)
             ... on level 2 of the Snake Pit.
             The game lasted 01:43:51 (42496 turns).

IndexError the Spry (Felid Shapeshifter)           Turns: 42496, Time: 01:43:52

Health: -5/92      AC: 14    Str: 22    XL:     15   Next: 46%
Magic:  0/23       EV: 20    Int: 12    God:    Nemelex Xobeh [******]
Gold:   443        SH:  0    Dex: 21    Spells: 11/14 levels left
                                        Lives:  0   Deaths: 4

rFire   . .          .
                       - Unarmed
rCold   . . .        (shield unavailable)
rNeg    . . .        (body armour unavailable)
rPois   .            (helmet unavailable)
rElec   +            (cloak unavailable)
rCorr   +            (gloves unavailable)
SInv    +            (boots unavailable)
Will    ++...        B - amulet of guardian spirit {Spirit}
Stlth   ++++++       n - +4 ring of protection
HPRegen 0.35/turn    C - ring "Yxtiecy" {rElec rCorr Str+2 Dex+3 SInv}
MPRegen 0.18/turn

%: guardian spirit
@: snake-form, weakened
A: constrict, boosted hp, large, (claws 1), (fangs 3), see invisible, (speed 1),
(shaggy fur 3), (stealthy paws), no weapons or thrown items, no armour,
multi-lived
a: Begin Untransformation, Renounce Religion, Draw Escape, Draw Destruction,
Draw Summoning, Triple Draw, Deal Four, Stack Five


You were on level 2 of the Snake Pit.
You worshipped Nemelex Xobeh.
Nemelex Xobeh was exalted by your worship.
You were an enormous anaconda.
You visited 5 branches of the dungeon, and saw 28 of its levels.
You also visited: Sewer.

You collected 2637 gold pieces.
You spent 2194 gold pieces at shops.

Inventory:

Jewellery
 n - a +4 ring of protection (left hand)
   (You found it on level 3 of the Dungeon)
 u - a ring of flight {+Fly, !d}
   (You found it on level 4 of the Lair of Beasts)
 v - a ring of wizardry {Wiz+, !d}
   (You found it on level 7 of the Dungeon)
 B - an amulet of guardian spirit (around neck) {Spirit}
   (You found it on level 9 of the Dungeon)
 C - the ring "Yxtiecy" (right hand) {rElec rCorr Str+2 Dex+3 SInv}
   (You found it on level 1 of the Lair of Beasts)

   [ring of see invisible]

   Str:       It affects your strength (+2).
   Dex:       It affects your dexterity (+3).
   rElec:     It insulates you from electricity.
   SInv:      It lets you see invisible.
   rCorr:     It protects you from acid and corrosion.
 F - a ring of ice {rC+, rF-}
   (You took it off Fannar on level 11 of the Dungeon)
 O - a ring of protection from fire {rF+, !d}
   (You found it on level 12 of the Dungeon)
 P - a ring of willpower
   (You bought it in a shop on level 2 of the Orcish Mines)
Talismans
 b - a beast talisman
 p - a serpent talisman
   (You found it on level 4 of the Lair of Beasts)
 J - a maw talisman
   (You found it on level 1 of the Lair of Beasts)
Wands
 h - a wand of roots (15)
   (You found it on level 3 of the Lair of Beasts)
 t - a wand of flame (2) (quivered)
   (You took it off Grinder on level 6 of the Dungeon)
 G - a wand of mindburst (8)
   (You found it on level 11 of the Dungeon)
 L - a wand of charming (17)
   (You found it on level 2 of the Lair of Beasts)
 R - a wand of acid (6)
   (You found it on level 2 of the Shoals)
Scrolls
 c - 2 scrolls of summoning
 d - 5 scrolls of fear
 e - a scroll of torment {!r}
 f - 14 scrolls of teleportation
 g - 4 scrolls of revelation
 i - 4 scrolls of immolation {!r}
 j - 6 scrolls of vulnerability {!r!r}
 m - a scroll of poison {!r}
 o - 9 scrolls of fog
 y - a scroll of silence
 K - 3 scrolls of amnesia
 M - 3 scrolls of blinking {!r}
 S - a scroll of identify
Potions
 a - 6 potions of lignification {!q}
 k - 5 potions of invisibility
 l - 4 potions of mutation {!q}
 q - a potion of ambrosia
 r - a potion of haste
 s - 8 potions of brilliance
 w - 6 potions of curing
 x - a potion of might
 z - 4 potions of attraction {!q}
 A - 2 potions of magic
 D - a potion of cancellation
 E - 4 potions of enlightenment
 H - 3 potions of resistance
 I - a potion of heal wounds
Miscellaneous
 N - a piece from Xom's chessboard (15/15)
   (You found it on level 5 of the Lair of Beasts)
 Q - a phantom mirror
   (You bought it in a shop on level 2 of the Orcish Mines)


   Skills:
 - Level 15.0 Fighting
 - Level 15.0 Dodging
 - Level 15.0 Stealth
 - Level 15.0 Unarmed Combat
 - Level 10.0 Invocations
 + Level 8.1 Evocations
 * Level 12.6 Shapeshifting


You had 11 spell levels left.
You knew the following spells:

 Your Spells              Type           Power      Damage    Failure   Level
a - Summon Small Mammal   Summ           0%         N/A       32%         1
b - Blink                 Tloc           0%         N/A       45%         2

Your spell library contained the following spells:

 Spells                   Type           Power      Damage    Failure   Level
 Apportation              Tloc           0%         N/A       32%         1
 Magic Dart               Conj           0%         1d3       32%         1
 Necrotise                Necr           0%         1d4       32%         1
 Slow                     Hex            0%         N/A       32%         1
 Cigotuvi's Dreadful Rot  Necr/Pois/Air  0%         N/A       45%         2
 Poisonous Vapours        Pois/Air       0%         N/A       45%         2
 Searing Ray              Conj           0%         2d4       45%         2
 Wereblood                Tmut           0%         N/A       45%         2
 Confusing Touch          Hex            0%         N/A       69%         3
 Ignite Poison            Fire/Tmut/Pois 0%         N/A       69%         3
 Vampiric Draining        Necr           0%         2d6       69%         3
 Fulminant Prism          Conj/Hex       0%         3d5       97%         4
 Manifold Assault         Tloc           0%         N/A       97%         4
 Petrify                  Tmut/Erth      0%         N/A       97%         4
 Alistair's Intoxication  Tmut/Pois      0%         N/A       100%        5
 Borgnjor's Vile Clutch   Necr/Erth      0%         N/A       100%        5
 Freezing Cloud           Conj/Ice/Air   0%         6-21      100%        5
 Irradiate                Conj/Tmut      0%         3d11      100%        5
 Eringya's Noxious Bog    Tmut/Pois      0%         4d6       100%        6


Dungeon Overview and Level Annotations

Branches:
Dungeon (15/15)            Temple (0/1) D:5            Lair (5/5) D:11
 Shoals (4/4) Lair:2        Snake (2/4) Lair:2        Slime (0/5) Lair:4
    Orc (2/2) D:11            Elf (0/3) Orc:2        Vaults (0/5) D:14
 Depths (0/4) D:15          Sewer (visited)

Altars:
Ashenzari
Gozag
Makhleb
Nemelex Xobeh
Okawaru
Sif Muna
Trog
Uskayaw
Wu Jian
Xom
The Shining One
Jiyva

Shops:
D:3 ?*(   D:10 **   D:13 (=   Orc:2 [(**   Shoals:1 *

Annotations:
D:5 2 runed translucent doors
Shoals:4 exclusion: oklob plant, Kirke, Mara
Snake:2 2 transporters, Caage's ghost, journeyman DsNe
Abyss:1 Snorg


Innate Abilities, Weirdness & Mutations

You are an enormous anaconda.
You have a powerful constriction melee attack.
Your maximum health is increased.
((You have sharp claws.))
((You have razor-sharp teeth.))
You have supernaturally acute eyesight. (SInv)
((You cover ground quickly. (Speed+)))
((Your thick and shaggy fur keeps you warm. (AC +3, rC+)))
((Your paws help you pounce on unaware monsters.))
You are incapable of wielding weapons or throwing items.
You cannot wear armour.
You gain extra lives every three experience levels.


Message History

You regained 15 hp, and now have 58/92 hp.
You regained 7 mp, and now have 15/23 mp.
The moth of wrath angrily waves its antennae.
Caage's ghost turns its malevolent gaze towards you.
Caage's ghost screams at you, "You cannot imagine the pain and torment in store for you!"
Caage's ghost says, "I need your bones for a spell of mine."
Caage's ghost says, "You would make a fine zombie."
Caage's ghost stares at you.
Caage's ghost shouts, "To die, to sleep, no more."
Items here: ))) [[ †††.
Things that are here:
a +0 trident; a +0 robe; a naga corpse You see here 3 stones.
w - 6 potions of curing (gained 1)
Things that are here:
a +0 trident; a +0 robe; a naga corpse
Things that are here:
a +0 spear; a naga corpse A nagaraja comes into view.
It is wielding a +0 whip.
Health restored: 92; MP restored: 23 Lash: -) Nothing wielded
Press: ? - help, Dir - move target
Okay, then.
Unknown command.
You draw a card...
You have drawn the Orb.
Press: ? - help, Shift-Dir - straight line, f - nagaraja
Aim: a nagaraja, wielding a +0 whip and wearing a +0 robe (asleep)
The orb of destruction hits the nagaraja!!!
The nagaraja shouts!
The nagaraja gestures wildly while chanting.
The nagaraja seems to speed up.
You draw a card...
You have drawn Vitriol.
Press: ? - help, Shift-Dir - straight line, f/p - nagaraja
Aim: a nagaraja, wielding a +0 whip and wearing a +0 robe (severely wounded, fast)
The bolt of acid hits the nagaraja!!!
A salamander comes into view. It is wielding a +1 trident.
A salamander mystic and a salamander come into view.
The salamander is wielding a +4 heavy spear.
The salamander hits you but does no damage.
You body-slam the salamander!!
Your grab misses the salamander. The salamander closely misses you.
You barely miss the salamander. Your grab misses the salamander.
You lash the salamander! You grab the salamander. You constrict the salamander.
The salamander closely misses you.
You hit the salamander. You constrict the salamander.
You body-slam the salamander!!
You see here a +4 heavy spear.
A salamander tyrant comes into view.
The salamander tyrant gazes fiercely through you!
You feel your attacks grow feeble.
The salamander tyrant closely misses you.
The salamander hits you with a +1 trident.
You are engulfed in flames!
You take 10 damage, and have 82/92 hp.
You now have 21/23 mp.
You hit the salamander tyrant. You grab the salamander tyrant.
You constrict the salamander tyrant, but do no damage.
The salamander tyrant hits you.
You are engulfed in flames!!
The salamander barely misses you.
The salamander mystic points at the salamander tyrant and mumbles some strange words.
The salamander tyrant seems to speed up.
You take 25 damage, and have 57/92 hp.
MASSIVE DAMAGE!!
You now have 15/23 mp.
You body-slam the salamander tyrant!!
You constrict the salamander tyrant.
The salamander tyrant barely misses you.
You body-slam the salamander tyrant!!
You constrict the salamander tyrant.
The salamander hits you with a +1 trident.
You are engulfed in flames!
The salamander tyrant struggles to escape constriction.
You take 16 damage, and have 41/92 hp.
You now have 10/23 mp.
You are too injured to fight recklessly!
You body-slam the salamander!!
You constrict the salamander tyrant.
The salamander tyrant closely misses you.
The salamander closely misses you.
You hit the salamander. You constrict the salamander tyrant.
The salamander tyrant gazes fiercely through you!
You feel as though you will be weak longer.
The salamander tyrant misses you.
You barely miss the salamander mystic. You constrict the salamander tyrant.
The salamander tyrant misses you.
You hit the salamander.
You constrict the salamander tyrant, but do no damage.
The salamander tyrant gazes fiercely through you!
You feel as though you will be weak longer.
The salamander tyrant barely misses you.
The salamander hits you with a +1 trident!
You are engulfed in flames!
* * * LOW HITPOINT WARNING * * *
The salamander mystic completely misses you.
You take 15 damage, and have 27/92 hp.
You now have 7/23 mp.
You lash the salamander! You constrict the salamander tyrant.
The salamander tyrant hits you.
* * * LOW HITPOINT WARNING * * *
You are engulfed in flames!!
* * * LOW HITPOINT WARNING * * *
The salamander hits you with a +1 trident.
* * * LOW HITPOINT WARNING * * *
You are engulfed in flames!
You die...
Your body glows with a rainbow of weird colours and disappears.

#. #..#+#### #.
#..#....##
#.##..#.....##
#.....#......##
#.............##
.............)#
#NN##........#
#NS##........#
#..##........#
#..##.......##
######..##......##
........######..# ####
............##..#####...
.................)......
#..########...........##
#..# ##..##########


You could see a salamander tyrant (fast), a salamander mystic and a salamander.

Vanquished Creatures
  A nagaraja (Snake:2)
  2 orc warlords
  A stone giant (D:15)
  A spark wasp (Lair:5)
  A spark wasp (shapeshifter) (D:14)
  A fire dragon (D:14)
  3 merfolk impalers
  Harold (D:11)
  5 hydras
  4 merfolk avatars
  The ghost of paps the Mimic, a journeyman MfSh of Gozag (Lair:1)
  An ice dragon (D:14)
  An ogre mage (D:15)
  2 anacondas
  5 boulder beetles
  2 merfolk aquamancers
  An alligator snapping turtle (Shoals:3)
  8 two-headed ogres
  3 death yaks
  7 centaur warriors
  An alligator (Lair:5)
  A satyr (Shoals:3)
  3 naga warriors
  2 tengu warriors (D:15)
  A naga sharpshooter (Snake:2)
  2 shock serpents (Snake:1)
  Amaemon (Lair:3)
  4 skysharks
  A sea snake (Shoals:1)
  A wizard (D:15)
  5 harpies
  A swamp dragon (Lair:5)
  Pikel (D:8)
  A phantasmal warrior (D:14)
  4 deep elf pyromancers (D:14)
  An orc knight (Orc:2)
  4 orc sorcerers (Orc:2)
  17 manticores
  7 cyclopes
  4 fauns
  An elephant (shapeshifter) (D:15)
  17 ugly things
  2 wolf spiders (D:14)
  6 elephants
  14 black mambas
  9 salamanders
  4 naga magi
  Joseph (D:8)
  A guardian serpent (Snake:2)
  3 water nymphs
  7 merfolk sirens
  An orange demon (Lair:3)
  3 gargoyles
  13 cane toads
  19 komodo dragons
  2 unseen horrors
  2 freezing wraiths (D:14)
  A kobold demonologist (D:13)
  An efreet (D:14)
  3 rime drakes
  2 yaktaurs
  Psyche (D:8)
  A tengu conjurer (D:14)
  5 trolls
  4 meliai (D:14)
  13 merfolk
  A wind drake (Shoals:3)
  Grinder (D:6)
  11 polar bears
  A wolf spider simulacrum (D:14)
  12 blink frogs
  2 hornets
  A hornet (shapeshifter) (D:14)
  2 raiju (Lair:5)
  7 snapping turtles
  7 dream sheep
  A jumping spider (shapeshifter) (D:15)
  20 slime creatures
  2 shadows
  7 water elementals
  7 wraiths
  A human (D:10)
  Eustachio (D:6)
  A hog (Shoals:3)
  4 wyverns
  38 yaks
  5 basilisks
  A golden eye (D:5)
  A redback (D:14)
  6 vampire mosquitoes
  A steam dragon (D:7)
  16 nagas
  A warg (shapeshifter) (D:14)
  13 wargs
  17 water moccasins
  3 acid dragons
  15 hell hounds (Lair:5)
  A floating eye (Lair:4)
  2 ice beasts
  3 sky beasts
  24 orc warriors
  14 black bears
  3 swamp drakes (Lair:5)
  11 ogres
  20 wolves
  An ogre (shapeshifter) (D:14)
  8 centaurs
  A phantom (D:5)
  A lemure (D:8)
  5 kobold brigands
  A gnoll sergeant (D:7)
  2 scorpions
  8 bullfrogs
  9 wights
  8 killer bees
  4 howler monkeys
  3 electric eels (Snake:1)
  7 jellies
  3 hounds
  23 orc priests
  2 gnoll boudas (D:9)
  2 sleepcaps
  14 iguanas
  21 orc wizards
  11 gnolls
  9 adders
  A river rat (D:4)
  A shadow imp (D:5)
  A white imp (D:5)
  2 ufetubi (D:5)
  4 worms
  105 orcs
  5 endoplasms
  2 giant cockroaches (D:3)
  7 goblins
  2 hobgoblins
  5 jackals
  5 quokkas
  7 ball pythons
  A bat (D:3)
  4 frilled lizards
  13 kobolds
  6 rats
847 creatures vanquished.

Vanquished Creatures (collateral kills)
  Gastronok (D:11)
  Fannar (D:11)
  A manticore (Lair:2)
  A rime drake (Lair:2)
  2 cane toads (Lair:2)
  A komodo dragon (Lair:2)
  A meliai (D:10)
  A wind drake (Lair:2)
  A basilisk (Lair:2)
  A yak (D:10)
  A warg (D:11)
  2 water moccasins (Lair:2)
  An orc warrior (D:11)
  A black bear (Lair:2)
  4 wolves (Lair:2)
  2 bullfrogs (Lair:2)
  A hound (D:5)
  3 orc priests (D:11)
  2 orcs (D:11)
28 creatures vanquished.

Vanquished Creatures (others)
  An orc (Orc:2)
1 creature vanquished.

Grand Total: 876 creatures vanquished

Notes
Turn   | Place    | Note
-------+----------+-------------------------------------------
     0 | D:1      | IndexError the Felid Shapeshifter began the quest for the
                  | Orb.
     0 | D:1      | Reached XP level 1. HP: 9/9 MP: 2/2
   245 | D:1      | You fall into a shaft and drop 1 floor!
   277 | D:2      | Noticed a sleepcap
   443 | D:1      | Reached XP level 2. HP: 12/12 MP: 3/3
   925 | D:2      | Found a faded altar of an unknown god.
   945 | D:2      | Prayed at the altar of an unknown god.
   945 | D:2      | Became a worshipper of Nemelex Xobeh the Trickster
   945 | D:2      | Reached * piety under Nemelex Xobeh
   968 | D:2      | Reached skill level 4 in Unarmed Combat
  1126 | D:2      | Reached XP level 3. HP: 15/15 MP: 4/4
  1151 | D:2      | Received a gift from Nemelex Xobeh
  1728 | D:3      | Reached skill level 5 in Unarmed Combat
  1728 | D:3      | Reached XP level 4. HP: 6/19 MP: 5/5
  1952 | D:3      | Found Cebi's Weapon Boutique.
  1964 | D:3      | Found Yfeido Yjiy's Assorted Antiques.
  2044 | D:3      | Reached ** piety under Nemelex Xobeh
  2047 | D:3      | Received a gift from Nemelex Xobeh
  2568 | D:3      | Found Giefukh's Magic Scroll Boutique.
  2744 | D:4      | Reached XP level 5. HP: 22/22 MP: 6/6
  2908 | D:4      | Reached skill level 6 in Unarmed Combat
  3035 | D:4      | Found a glowing drain.
  3039 | Sewer    | Entered a sewer
  3115 | Sewer    | Noticed a water moccasin
  3124 | Sewer    | Killed a water moccasin
  3125 | Sewer    | Reached skill level 7 in Unarmed Combat
  3125 | Sewer    | Gained mutation: You are covered in thick fur. (AC +2)
                  | [Felid growth]
  3125 | Sewer    | Reached XP level 6. HP: 20/25 MP: 7/7
  3719 | D:4      | Reached skill level 8 in Unarmed Combat
  4001 | D:4      | Reached XP level 7. HP: 28/28 MP: 8/8
  4062 | D:4      | Reached skill level 1 in Invocations
  4133 | D:5      | Entered Level 5 of the Dungeon
  4218 | D:5      | Found a large runed translucent door.
  4218 | D:5      | Found a large runed translucent door.
  4303 | D:5      | Reached skill level 4 in Shapeshifting
  4404 | D:5      | Reached skill level 2 in Invocations
  4427 | D:5      | Noticed a wraith
  4469 | D:5      | Killed a wraith
  4470 | D:5      | Reached skill level 5 in Shapeshifting
  4472 | D:5      | Reached skill level 3 in Invocations
  4472 | D:5      | Reached XP level 8. HP: 21/32 MP: 9/11
  4626 | D:5      | Received a gift from Nemelex Xobeh
  4877 | D:5      | Found a large runed translucent door.
  4877 | D:5      | Found a large runed translucent door.
  4907 | D:5      | Reached skill level 6 in Shapeshifting
  4924 | D:5      | Reached skill level 4 in Invocations
  5009 | D:5      | Found an iron altar of Okawaru.
  5044 | D:5      | Reached *** piety under Nemelex Xobeh
  5157 | D:5      | Found a staircase to the Ecumenical Temple.
  5290 | D:5      | Reached skill level 7 in Shapeshifting
  5405 | D:6      | Noticed Grinder
  5555 | D:6      | HP: 5/32 [ogre/+0 giant club (27)]
  5709 | D:6      | Reached skill level 5 in Invocations
  5711 | D:6      | Received a gift from Nemelex Xobeh
  5779 | D:6      | Noticed Eustachio
  5784 | D:6      | Identified the -2 hand axe "Mereukhli" {flame, Fly rPois
                  | rCorr Str-3}
  5801 | D:6      | Killed Eustachio
  5802 | D:6      | Reached XP level 9. HP: 34/35 MP: 13/13
  5866 | D:6      | Reached skill level 8 in Shapeshifting
  5987 | D:6      | Killed Grinder
  6054 | D:6      | Reached skill level 6 in Invocations
  6178 | D:6      | Found a sparkling altar of Nemelex Xobeh.
  6536 | D:7      | Received a gift from Nemelex Xobeh
  6593 | D:7      | Reached skill level 9 in Shapeshifting
  6927 | D:7      | Noticed a cyclops
  6966 | D:7      | Hit by a large rock thrown by a cyclops
  6967 | D:7      | Reached XP level 8. HP: -10/32 MP: 13/13
  7167 | D:7      | Reached **** piety under Nemelex Xobeh
  7239 | D:7      | Reached XP level 9. HP: 27/35 MP: 15/15
  7352 | D:7      | Reached skill level 7 in Invocations
  7841 | D:7      | Found an ornate altar of the Wu Jian Council.
  7922 | D:7      | Killed a cyclops
  7923 | D:7      | Reached skill level 10 in Shapeshifting
  8042 | D:8      | Noticed Pikel
  8058 | D:8      | Killed Pikel
  8059 | D:8      | Reached skill level 2 in Fighting
  8397 | D:8      | Noticed Joseph
  8441 | D:8      | Killed Joseph
  8442 | D:8      | Reached skill level 8 in Invocations
  8707 | D:8      | Reached skill level 3 in Fighting
  8707 | D:8      | Received a gift from Nemelex Xobeh
  8815 | D:8      | Reached XP level 10. HP: 32/42 MP: 17/17
  8919 | D:8      | Noticed Psyche
  8926 | D:8      | Killed Psyche
  9222 | D:8      | Reached skill level 4 in Fighting
  9222 | D:8      | Reached skill level 9 in Unarmed Combat
  9226 | D:8      | HP: 10/43 [poisoned by a hornet]
  9670 | D:9      | Found a burning altar of Makhleb.
  9890 | D:9      | HP: 8/43 [hornet (12)]
  9892 | D:9      | Mangled by a hornet
  9892 | D:9      | Paralysed by a hornet for 1 turns
  9893 | D:9      | Reached XP level 9. HP: -7/39 MP: 15/16
  9908 | D:9      | Received a gift from Nemelex Xobeh
  9933 | D:9      | Reached skill level 9 in Invocations
 10725 | D:10     | Entered Level 10 of the Dungeon
 10725 | D:10     | Found Xumubleb's Assorted Antiques.
 10740 | D:10     | Reached skill level 5 in Fighting
 10874 | D:10     | a yak changed into a meliai
 10874 | D:10     | Noticed a meliai
 10874 | D:10     | a yak changed into a black mamba
 10874 | D:10     | Noticed a black mamba
 10874 | D:10     | a yak changed into a polar bear
 10874 | D:10     | Noticed a polar bear
 10878 | D:10     | Killed a meliai
 10879 | D:10     | Reached XP level 10. HP: 44/44 MP: 17/17
 11633 | D:3      | Bought a large soapstone amulet for 140 gold pieces
 11636 | D:3      | Learned a level 2 spell: Blink
 11638 | D:3      | Learned a level 1 spell: Summon Small Mammal
 12046 | D:10     | HP: 11/45 [poisoned by a black mamba]
 12051 | D:9      | HP: 7/45 [poisoned by a black mamba]
 12062 | D:9      | Killed a black mamba
 12062 | D:9      | HP: 9/45 [poisoned by a black mamba]
 12063 | D:9      | Reached skill level 6 in Fighting
 12199 | D:10     | Found Supe Alo's Assorted Antiques.
 12206 | D:10     | Bought an encrusted ruby ring for 145 gold pieces
 12233 | D:10     | Found a broken altar of Ashenzari.
 12266 | D:10     | Found a shimmering blue altar of Sif Muna.
 12281 | D:10     | Found a shimmering altar of Xom.
 12313 | D:10     | Found a hide-covered altar of Uskayaw.
 12559 | D:10     | Found a glowing golden altar of the Shining One.
 12616 | D:11     | Noticed a two-headed ogre
 12616 | D:11     | Noticed a gargoyle
 12664 | D:11     | Reached skill level 10 in Unarmed Combat
 12676 | D:11     | Identified the -2 quarterstaff "Reluamim" {pain, Str+3}
 12734 | D:11     | Found a staircase to the Lair.
 12735 | D:11     | Reached ***** piety under Nemelex Xobeh
 12796 | D:11     | Noticed a cyclops
 12804 | D:11     | Killed a cyclops
 12845 | D:10     | Reached skill level 10 in Invocations
 12861 | D:11     | Found a staircase to the Orcish Mines.
 13075 | D:11     | Noticed Gastronok
 13098 | D:11     | Identified the -1 quarterstaff "Cat's Death" {heavy,
                  | *Corrode rPois rC+}
 13106 | D:11     | Killed Gastronok
 13107 | D:11     | Reached skill level 7 in Fighting
 13107 | D:11     | Reached XP level 11. HP: 30/50 MP: 11/19
 13396 | D:11     | HP: 11/50 [gargoyle/+0 mace (9)]
 13628 | D:11     | Noticed Fannar
 13648 | D:11     | Killed Fannar
 13649 | D:11     | Reached skill level 11 in Unarmed Combat
 13694 | D:11     | Received a gift from Nemelex Xobeh
 13809 | D:11     | Reached skill level 8 in Fighting
 13869 | D:11     | Noticed Harold
 14081 | Lair:1   | Entered Level 1 of the Lair of Beasts
 14230 | Lair:1   | Reached skill level 3 in Dodging
 14295 | Lair:1   | Found a runed translucent gate.
 14295 | Lair:1   | Found a runed translucent gate.
 14295 | Lair:1   | Found a runed translucent gate.
 14298 | Lair:1   | Noticed paps's ghost (journeyman MfSh)
 14454 | Lair:1   | Reached skill level 4 in Dodging
 14906 | Lair:1   | Reached skill level 5 in Dodging
 14949 | Lair:1   | Received a gift from Nemelex Xobeh
 15177 | Lair:1   | Found a viscous altar of Jiyva.
 15447 | Lair:2   | Reached skill level 6 in Dodging
 15537 | Lair:2   | Found a staircase to the Snake Pit.
 15553 | Lair:2   | HP: 11/52 [constriction (3)]
 15788 | Lair:2   | Found a staircase to the Shoals.
 15823 | Lair:2   | HP: 13/52 [wind drake/the air (13)]
 15833 | Lair:2   | Reached skill level 9 in Fighting
 15833 | Lair:2   | Reached skill level 7 in Dodging
 15833 | Lair:2   | Gained mutation: Your thick and shaggy fur keeps you warm.
                  | (AC +3, rC+) [Felid growth]
 15833 | Lair:2   | Reached XP level 12. HP: 17/57 MP: 4/20
 15842 | Lair:2   | Reached skill level 12 in Unarmed Combat
 15844 | Lair:2   | Reached skill level 8 in Dodging
 16064 | Lair:2   | Received a gift from Nemelex Xobeh
 16531 | Lair:2   | Noticed a boulder beetle
 16591 | Lair:2   | Killed a boulder beetle
 16592 | Lair:2   | Reached skill level 9 in Dodging
 17108 | Lair:3   | Noticed a boulder beetle
 17166 | Lair:2   | HP: 14/58 [poisoned by a black mamba]
 17486 | Lair:3   | Received a gift from Nemelex Xobeh
 17495 | Lair:3   | Noticed Amaemon
 17631 | Lair:3   | Reached skill level 10 in Dodging
 17896 | Lair:3   | Killed Amaemon
 18681 | Lair:4   | Reached skill level 10 in Fighting
 19078 | Lair:4   | Reached skill level 11 in Dodging
 19167 | Lair:4   | Noticed a seven-headed hydra
 19375 | Lair:4   | Found a staircase to the Slime Pits.
 19386 | Lair:4   | Found a viscous altar of Jiyva.
 19941 | Lair:4   | Killed a seven-headed hydra
 19942 | Lair:4   | Reached XP level 13. HP: 61/61 MP: 21/21
 20109 | Lair:5   | Entered Level 5 of the Lair of Beasts
 20109 | Lair:5   | Received a gift from Nemelex Xobeh
 20282 | Lair:5   | Reached skill level 12 in Dodging
 20361 | Lair:5   | Reached skill level 13 in Unarmed Combat
 20717 | Lair:4   | Reached skill level 13 in Dodging
 21152 | Lair:4   | Reached skill level 11 in Fighting
 21159 | Lair:4   | HP: 3/75 [komodo dragon (17)]
 21717 | Lair:5   | Reached skill level 14 in Dodging
 22060 | Lair:5   | Received a gift from Nemelex Xobeh
 22388 | Lair:5   | Noticed a fire dragon
 22425 | Lair:5   | HP: 9/75 [poison (poison gas)]
 22430 | Lair:5   | HP: 7/75 [poison (poison gas)]
 22434 | Lair:5   | HP: 3/75 [poison (poison gas)]
 22698 | Lair:5   | Received a gift from Nemelex Xobeh
 22843 | Lair:5   | Reached XP level 14. HP: 59/67 MP: 15/22
 22976 | Lair:5   | Reached skill level 15 in Dodging
 23171 | Lair:5   | Reached skill level 14 in Unarmed Combat
 23513 | Lair:5   | Reached skill level 12 in Fighting
 24130 | Lair:1   | HP: 6/70 [large slime creature (27)]
 24133 | Lair:1   | Mangled by a slime creature
 24134 | Lair:1   | Reached XP level 13. HP: -8/64 MP: 0/21
 24153 | Lair:1   | Killed paps's ghost
 24290 | Lair:1   | Identified the ring "Yxtiecy" {rElec rCorr Str+2 Dex+3
                  | SInv}
 24660 | D:11     | Killed Harold
 24670 | D:12     | Received a gift from Nemelex Xobeh
 25104 | D:12     | Reached skill level 1 in Stealth
 25545 | D:13     | Received a gift from Nemelex Xobeh
 25562 | D:13     | Reached skill level 2 in Stealth
 25645 | D:13     | Found Pyusuk's Island Escapes.
 25651 | D:13     | Bought a scroll of fog for 56 gold pieces
 25651 | D:13     | Bought a potion of invisibility for 112 gold pieces
 25651 | D:13     | Bought a scroll of blinking for 105 gold pieces
 25651 | D:13     | Bought a scroll of teleportation for 42 gold pieces
 25651 | D:13     | Bought a scroll of fog for 56 gold pieces
 25651 | D:13     | Bought a scroll of blinking for 105 gold pieces
 25651 | D:13     | Bought a scroll of fog for 56 gold pieces
 25666 | D:13     | Reached skill level 3 in Stealth
 25732 | D:13     | Found Nikamm's Weapon Emporium.
 25769 | D:13     | Reached skill level 4 in Stealth
 25964 | D:13     | Found Ufepouri's Jewellery Boutique.
 26185 | D:13     | Reached skill level 5 in Stealth
 26602 | D:14     | HP: 19/78 [poisoned by a meliai]
 26975 | D:14     | Reached ****** piety under Nemelex Xobeh
 26999 | D:14     | Reached skill level 6 in Stealth
 27944 | D:14     | Got the Quarto of the Wilderness
 27951 | D:14     | Reached skill level 13 in Fighting
 27951 | D:14     | Reached XP level 14. HP: 70/70 MP: 22/22
 27962 | D:14     | Reached skill level 15 in Unarmed Combat
 27975 | D:14     | Reached skill level 7 in Stealth
 27979 | D:14     | HP: 2/84 [disintegration (37)]
 28268 | D:14     | Received a gift from Nemelex Xobeh
 28349 | D:14     | Reached skill level 8 in Stealth
 28581 | D:14     | Identified the +2 dagger of Pain and Death {antimagic,
                  | rPois rC+ rN+++ Will-}
 28794 | D:14     | Reached skill level 9 in Stealth
 28915 | D:14     | HP: 17/84 [fire dragon/blast of flame (30)]
 28917 | D:14     | HP: 6/84 [fire dragon (11)]
 29217 | D:14     | Reached skill level 10 in Stealth
 29892 | D:14     | Found a gate to the Vaults.
 29932 | D:15     | Entered Level 15 of the Dungeon
 29959 | D:14     | Reached skill level 11 in Stealth
 30192 | D:15     | HP: 21/85 [red ugly thing (17)]
 30197 | D:15     | HP: 16/85 [poisoned by a green ugly thing]
 30500 | D:15     | Reached skill level 12 in Stealth
 30773 | D:15     | Reached skill level 14 in Fighting
 31051 | D:15     | Reached skill level 13 in Stealth
 31214 | D:15     | Found an opulent altar of Gozag.
 31215 | D:15     | Found an opulent altar of Gozag.
 31219 | D:15     | Found an opulent altar of Gozag.
 31239 | D:15     | Found an opulent altar of Gozag.
 31305 | D:15     | Found a staircase to the Depths.
 31305 | D:15     | Noticed a stone giant
 31320 | D:15     | HP: 15/86 [tengu warrior/bolt (11)]
 31322 | D:15     | Killed a stone giant
 31703 | Orc:1    | Entered Level 1 of the Orcish Mines
 31907 | Orc:2    | Entered Level 2 of the Orcish Mines
 31919 | Orc:2    | Noticed Snorg
 31934 | Orc:1    | Banished Snorg
 31935 | Orc:1    | Reached XP level 15. HP: 44/75 MP: 12/23
 32142 | Orc:1    | Received a gift from Nemelex Xobeh
 32414 | Orc:2    | Reached skill level 14 in Stealth
 32839 | Orc:1    | Received a gift from Nemelex Xobeh
 33234 | Orc:2    | Found Tuokleec's Assorted Antiques.
 33683 | Orc:2    | Found a staircase to the Elven Halls.
 33732 | Orc:2    | Received a gift from Nemelex Xobeh
 34050 | Orc:2    | Reached skill level 15 in Stealth
 34140 | Orc:2    | Received a gift from Nemelex Xobeh
 34194 | Orc:2    | Found Zewaun's Assorted Antiques.
 34311 | Orc:2    | Found Zutuog's Antique Armour Shop.
 34334 | Orc:2    | Found Feuchist's Antique Weapon Boutique.
 34453 | Orc:2    | Bought a puce potion for 27 gold pieces
 34453 | Orc:2    | Bought an encrusted copper ring for 150 gold pieces
 34453 | Orc:2    | Bought a phantom mirror for 1200 gold pieces
 34570 | Snake:1  | Entered Level 1 of the Snake Pit
 34622 | Shoals:1 | Entered Level 1 of the Shoals
 35016 | Shoals:1 | Reached skill level 15 in Fighting
 35036 | Shoals:1 | Reached skill level 1 in Evocations
 35412 | Shoals:1 | Reached skill level 2 in Evocations
 35429 | Shoals:1 | Reached skill level 3 in Evocations
 35650 | Shoals:1 | Found Vuokhuery's CLEARANCE SALE!.
 35719 | Shoals:1 | Reached skill level 4 in Evocations
 36009 | Shoals:1 | Received a gift from Nemelex Xobeh
 36465 | Shoals:2 | Reached skill level 5 in Evocations
 36940 | Shoals:2 | Received a gift from Nemelex Xobeh
 36952 | Shoals:2 | HP: 18/92 [merfolk impaler/+2 trident of venom (6)]
 36957 | Shoals:2 | HP: 15/92 [poisoned by a merfolk impaler]
 36963 | Shoals:2 | HP: 11/92 [faun/sling bullet (5)]
 36971 | Shoals:2 | HP: 18/92 [drowned by a drowned soul[a merfolk avatar] (8)]
 38471 | Shoals:2 | Reached skill level 6 in Evocations
 38471 | Shoals:2 | Reached skill level 11 in Shapeshifting
 38699 | Shoals:3 | HP: 22/92 [alligator snapping turtle (7)]
 38700 | Shoals:3 | HP: 9/92 [merfolk impaler/+3 trident of venom (10)]
 38701 | Shoals:3 | HP: 2/92 [poisoned by a merfolk impaler]
 38703 | Shoals:3 | Demolished by an alligator snapping turtle
 38704 | Shoals:3 | Reached XP level 14. HP: -17/87 MP: 0/22
 39304 | Shoals:3 | Reached XP level 15. HP: 63/77 MP: 15/23
 40250 | Shoals:4 | Entered Level 4 of the Shoals
 40281 | Shoals:4 | Received a gift from Nemelex Xobeh
 40350 | Shoals:4 | Noticed Kirke
 40351 | Shoals:4 | Noticed Mara
 40356 | Shoals:3 | Reached skill level 7 in Evocations
 40859 | Snake:1  | Reached skill level 12 in Shapeshifting
 41499 | Snake:1  | Received a gift from Nemelex Xobeh
 41998 | Snake:2  | Noticed Caage's ghost (journeyman DsNe)
 42140 | Snake:2  | Found a transporter.
 42180 | Snake:2  | Found a transporter.
 42181 | Snake:2  | Found a bloodstained altar of Trog.
 42209 | Snake:2  | Received a gift from Nemelex Xobeh
 42219 | Snake:2  | Reached skill level 8 in Evocations
 42442 | Snake:2  | Noticed a nagaraja
 42446 | Snake:2  | Killed a nagaraja
 42496 | Snake:2  | HP: 4/92 [salamander tyrant (21)]
 42496 | Snake:2  | Slain by a salamander

Illustrated notes

Levels and vault maps discovered:
D:1:      amcnicky_arrival_wind_blow, layout_basic, minmay_tripent
D:2:      layout_basic, shapermc_ecumenical_altar_ellora
D:3:      layout_basic, serial_shops, shop, shop,
          nicolae_shop_just_a_little_nook, minmay_misc_feat_secret_circle
D:4:      layout_loops_corners, gup_sewer_entry_spiral, minmay_misc_feat_x,
          kennysheep_orc_chapel
D:5:      layout_loops_ring, okawaru_trees_2, minmay_temple_entry_fiery,
          minmay_hollow_rounded_squares
D:6:      layout_cave_pools, nemelex_dance_club_becter, uniq_eustachio,
          uniq_grinder
D:7:      layout_basic, nicolae_wu_jian_glorious_leap, grunt_ministairs_8,
          minmay_manual_monstrance
D:8:      layout_basic, uniq_joseph, uniq_psyche, uniq_pikel
D:9:      layout_long_grid, bloody_makhleb
D:10:     layout_rooms, nicolae_overflow_quartered_altars, tso_altar,
          serial_shops, nicolae_shop_waterfront, shop, minmay_misc_feat_columns
D:11:     layout_gridville, erik_lair_orcish_takeover, david_orc_2, uniq_harold,
          uniq_fannar, uniq_gastronok
D:12:     layout_rooms, minmay_door_square, glass_columns_b, minmay_fountain_box
D:13:     layout_rooms, serial_shops, nicolae_shop_tiny_statue_garden,
          shop_statue, nicolae_island_escapes
D:14:     nicolae_aperiodic_l_corner, layout_rooms, david_vaults_4,
          infiniplex_staircase_pillars_3b
D:15:     grunt_enter_depths_snipers, layout_rooms,
          nicolae_gozag_conspicuous_consumption
Lair:1:   layout_regular_city, gammafunk_ghost_ooze, minivault_26
Lair:2:   layout_cave_pods, minmay_shoals_entry_beasts,
          guppyfry_snake_entry_garden, beast_lair_carwin_9
Lair:3:   layout_long_grid, serial_rivers, chequers_serial_rivers_small_b,
          chequers_serial_rivers_micro_d, chequers_serial_rivers_room_b,
          chequers_serial_rivers_small_a, uniq_amaemon
Lair:4:   layout_regular_city, nicolae_slime_entry_field_trip,
          beast_lair_carwin_10
Lair:5:   guppyfry_lair_end_dragon, layout_small_grid,
          hangedman_lair_caniforms_friends, grunt_megastairs_2
Shoals:1: layout_shoals, nicolae_shop_clearance
Shoals:2: layout_shoals
Shoals:3: layout_shoals, nicolae_shoals_so_close
Shoals:4: shoals_end_hangedman, layout_shoals, nicolae_specific_store,
          nicolae_shoals_lost_giant_amphitheater, dpeg_stationary_puzzle,
          uniq_kirke, uniq_mara
Snake:1:  layout_misc_corridors, nicolae_snake_guarding_the_ruins,
          serial_bayou_shore_a, grunt_megastairs_4, lemuel_fruit_tree
Snake:2:  layout_gridlike, gammafunk_ghost_wrathful_warriors, uniq_asterion
Orc:1:    layout_diamond_mine, basic_altar, mines2_lemuel
Orc:2:    grunt_orc_community_town_hall, layout_caves,
          grunt_orc_community_big_house_2, grunt_orc_community_big_house_1,
          grunt_orc_community_house_2, grunt_orc_community_house_1,
          grunt_orc_community_house_1, grunt_orc_community_house_3,
          grunt_orc_community_house_3, rock_pile, uniq_snorg

Skill      XL: |  1  2  3  4  5  6  7  8  9 10 11 12 13 14 15 |
---------------+----------------------------------------------+-----
Unarmed Combat | 4 5 7 8 10 11 12 13 15 | 15.0
Invocations    | 3 5 9 10 | 10.0
Shapeshifting  | 5 7 10 12 | 12.6
Fighting       | 5 7 9 10 13 14 15 | 15.0
Dodging        | 7 11 14 15 | 15.0
Stealth        | 6 13 15 | 15.0
Evocations     | 8 |  8.1

Action                     |  1- 3 |  4- 6 |  7- 9 | 10-12 | 13-15 || total
---------------------------+-------+-------+-------+-------+-------++-------
  Melee: Unarmed           |    50 |   103 |   329 |   481 |  1614 ||  2577
         Bite              |     4 |    10 |    36 |    51 |     7 ||   108
         Punch             |       |     4 |    20 |    42 |     3 ||    69
         Maw               |       |       |       |    34 |     7 ||    41
         Constrict         |       |       |       |    17 |   327 ||   344
 Invoke: Draw Destruction  |       |     6 |    17 |    12 |    19 ||    54
         Draw Summoning    |       |     1 |     3 |     4 |       ||     8
         Draw Escape       |       |       |       |    10 |    11 ||    21
         Triple Draw       |       |       |       |     1 |       ||     1
         Deal Four         |       |       |       |     1 |     5 ||     6
  Evoke: Wand              |       |       |    18 |    33 |    32 ||    83
    Use: Potion            |       |       |       |     1 |     5 ||     6
         Scroll            |       |       |       |    23 |    12 ||    35
   Stab: Sleeping          |     6 |     1 |     3 |     2 |    41 ||    53
         Distracted        |     1 |     1 |     1 |       |     6 ||     9
 Armour: Skin              |     3 |     9 |    45 |    59 |   313 ||   429
  Dodge: Dodged            |    27 |    51 |   199 |   357 |  1357 ||  1991
   Form: Maw               |       |       |       |     1 |     2 ||     3
         Anaconda          |       |       |       |     1 |     2 ||     3

Table legend: (Time is in decaauts)
 A = Elapsed time spent in this place.
 B = Non-inter-level travel time spent in this place.
 C = Inter-level travel time spent in this place.
 D = Time resting spent in this place.
 E = Time spent auto-exploring this place.
 F = Levels seen in this place.
 G = Mean time per level.
                   A        B        C        D        E       F      G
               +--------+--------+--------+--------+--------+-----+--------+
         Total |  39665 |  35973 |   3692 |   2271 |  26094 |  29 | 1367.8 |
       Dungeon |  19489 |  17447 |   2042 |   1088 |  12605 |  15 | 1299.3 |
          Lair |   9573 |   8542 |   1031 |    879 |   5888 |   5 | 1914.6 |
        Shoals |   5659 |   5337 |    322 |    218 |   4268 |   4 | 1414.8 |
     Snake Pit |   2052 |   1934 |    118 |     86 |   1427 |   2 | 1026.0 |
  Orcish Mines |   2736 |   2559 |    177 |      0 |   1819 |   2 | 1368.0 |
         Sewer |    154 |    154 |      0 |      0 |     86 |   1 |  154.0 |
               +--------+--------+--------+--------+--------+-----+--------+

Top non-repeatable levels by time:
    D:14: 3143 daAuts
Shoals:2: 2726 daAuts
  Lair:5: 2600 daAuts
  Lair:4: 2550 daAuts
  Lair:2: 1790 daAuts
     D:8: 1715 daAuts
   Orc:2: 1662 daAuts
     D:9: 1633 daAuts
    D:11: 1544 daAuts
 Snake:1: 1526 daAuts
     D:7: 1517 daAuts
    D:15: 1515 daAuts
Shoals:1: 1515 daAuts
  Lair:1: 1503 daAuts
Shoals:3: 1396 daAuts

Levels and vault maps discovered:
D:1:      amcnicky_arrival_wind_blow, layout_basic, minmay_tripent
D:2:      layout_basic, shapermc_ecumenical_altar_ellora
D:3:      layout_basic, serial_shops, shop, shop,
          nicolae_shop_just_a_little_nook, minmay_misc_feat_secret_circle
D:4:      layout_loops_corners, gup_sewer_entry_spiral, minmay_misc_feat_x,
          kennysheep_orc_chapel
D:5:      layout_loops_ring, okawaru_trees_2, minmay_temple_entry_fiery,
          minmay_hollow_rounded_squares
D:6:      layout_cave_pools, nemelex_dance_club_becter, uniq_eustachio,
          uniq_grinder
D:7:      layout_basic, nicolae_wu_jian_glorious_leap, grunt_ministairs_8,
          minmay_manual_monstrance
D:8:      layout_basic, uniq_joseph, uniq_psyche, uniq_pikel
D:9:      layout_long_grid, bloody_makhleb
D:10:     layout_rooms, nicolae_overflow_quartered_altars, tso_altar,
          serial_shops, nicolae_shop_waterfront, shop, minmay_misc_feat_columns
D:11:     layout_gridville, erik_lair_orcish_takeover, david_orc_2, uniq_harold,
          uniq_fannar, uniq_gastronok
D:12:     layout_rooms, minmay_door_square, glass_columns_b, minmay_fountain_box
D:13:     layout_rooms, serial_shops, nicolae_shop_tiny_statue_garden,
          shop_statue, nicolae_island_escapes
D:14:     nicolae_aperiodic_l_corner, layout_rooms, david_vaults_4,
          infiniplex_staircase_pillars_3b
D:15:     grunt_enter_depths_snipers, layout_rooms,
          nicolae_gozag_conspicuous_consumption
Lair:1:   layout_regular_city, gammafunk_ghost_ooze, minivault_26
Lair:2:   layout_cave_pods, minmay_shoals_entry_beasts,
          guppyfry_snake_entry_garden, beast_lair_carwin_9
Lair:3:   layout_long_grid, serial_rivers, chequers_serial_rivers_small_b,
          chequers_serial_rivers_micro_d, chequers_serial_rivers_room_b,
          chequers_serial_rivers_small_a, uniq_amaemon
Lair:4:   layout_regular_city, nicolae_slime_entry_field_trip,
          beast_lair_carwin_10
Lair:5:   guppyfry_lair_end_dragon, layout_small_grid,
          hangedman_lair_caniforms_friends, grunt_megastairs_2
Shoals:1: layout_shoals, nicolae_shop_clearance
Shoals:2: layout_shoals
Shoals:3: layout_shoals, nicolae_shoals_so_close
Shoals:4: shoals_end_hangedman, layout_shoals, nicolae_specific_store,
          nicolae_shoals_lost_giant_amphitheater, dpeg_stationary_puzzle,
          uniq_kirke, uniq_mara
Snake:1:  layout_misc_corridors, nicolae_snake_guarding_the_ruins,
          serial_bayou_shore_a, grunt_megastairs_4, lemuel_fruit_tree
Snake:2:  layout_gridlike, gammafunk_ghost_wrathful_warriors, uniq_asterion
Orc:1:    layout_diamond_mine, basic_altar, mines2_lemuel
Orc:2:    grunt_orc_community_town_hall, layout_caves,
          grunt_orc_community_big_house_2, grunt_orc_community_big_house_1,
          grunt_orc_community_house_2, grunt_orc_community_house_1,
          grunt_orc_community_house_1, grunt_orc_community_house_3,
          grunt_orc_community_house_3, rock_pile, uniq_snorg

Table legend: (Time is in decaauts)
 A = Elapsed time spent in this place.
 B = Non-inter-level travel time spent in this place.
 C = Inter-level travel time spent in this place.
 D = Time resting spent in this place.
 E = Time spent auto-exploring this place.
 F = Levels seen in this place.
 G = Mean time per level.
                   A        B        C        D        E       F      G
               +--------+--------+--------+--------+--------+-----+--------+
         Total |  39665 |  35973 |   3692 |   2271 |  26094 |  29 | 1367.8 |
       Dungeon |  19489 |  17447 |   2042 |   1088 |  12605 |  15 | 1299.3 |
          Lair |   9573 |   8542 |   1031 |    879 |   5888 |   5 | 1914.6 |
        Shoals |   5659 |   5337 |    322 |    218 |   4268 |   4 | 1414.8 |
     Snake Pit |   2052 |   1934 |    118 |     86 |   1427 |   2 | 1026.0 |
  Orcish Mines |   2736 |   2559 |    177 |      0 |   1819 |   2 | 1368.0 |
         Sewer |    154 |    154 |      0 |      0 |     86 |   1 |  154.0 |
               +--------+--------+--------+--------+--------+-----+--------+

Top non-repeatable levels by time:
    D:14: 3143 daAuts
Shoals:2: 2726 daAuts
  Lair:5: 2600 daAuts
  Lair:4: 2550 daAuts
  Lair:2: 1790 daAuts
     D:8: 1715 daAuts
   Orc:2: 1662 daAuts
     D:9: 1633 daAuts
    D:11: 1544 daAuts
 Snake:1: 1526 daAuts
     D:7: 1517 daAuts
    D:15: 1515 daAuts
Shoals:1: 1515 daAuts
  Lair:1: 1503 daAuts
Shoals:3: 1396 daAuts

Table legend:
 A = Kills in this place as a percentage of kills in the entire game.
 B = Kills by you in this place as a percentage of kills by you in the entire game.
 C = Kills by friends in this place as a percentage of kills by friends in the entire game.
 D = Other kills in this place as a percentage of other kills in the entire game.
 E = Experience gained in this place as a percentage of experience gained in the entire game.
 F = Experience gained in this place divided by the number of levels of this place that you have seen.
                   A       B       C       D       E      F
               +-------+-------+-------+-------+-------+----------------------
         Total | 100.0 | 100.0 | 100.0 | 100.0 | 100.0 | 7257.5
       Dungeon |  44.1 |  44.1 |  42.9 |  50.0 |  37.0 | 5185.0
          Lair |  26.2 |  25.3 |  57.1 |   0.0 |  28.4 | 11971.4
        Shoals |   9.5 |   9.7 |   0.0 |  25.0 |  18.6 | 9767.5
     Snake Pit |   5.1 |   5.3 |   0.0 |   0.0 |   9.5 | 10025.5
  Orcish Mines |  14.8 |  15.2 |   0.0 |  25.0 |   6.4 | 6781.5
         Sewer |   0.3 |   0.4 |   0.0 |   0.0 |   0.1 | 151.0
               +-------+-------+-------+-------+-------+----------------------
